[Event "44th Chess Olympiad Open 2022"]
[Site "Chennai"]
[Date "2022.08.03"]
[Round "6.88"]
[White "Enemchukwu Chinedu Benjamin"]
[Black "Depaune, Ricko"]
[Result "1-0"]
[WhiteElo "1889"]
[BlackElo "1726"]
[Annotator "NA RC"]
[PlyCount "92"]
[EventDate "2022.??.??"]
[TimeControl "60"]

1. e4 e5 2. d4 exd4 3. c3 c5 4. Nf3 Nc6 5. Bc4 Be7 6. Qb3 Na5 7. Bxf7+ Kf8 8. Qd1 Kxf7 9. cxd4 d5 10. e5 g6 11. O-O Nc6 12. dxc5 h6 13.
Be3 Be6 14. Nc3 Qd7 15. Nb5 a6 16. Nd6+ Kg7 17. Qd2 b6 18.
b4 b5 19. Rfd1 Bf8 20. Ne1 Nge7 21. f4 Nf5 22. Bf2 Kh7 23. Nc2 Bg7 24. Re1 Nxd6 25. cxd6 Rhc8 26. Bc5 Rf8 27. Rf1 Rac8 28. Ne3 Qf7 29. a4 d4 30. Bxd4 Nxd4 31. Qxd4 Rfd8 32. axb5 axb5 33. Ra7 Rxd6 34. Qxd6 Qxa7 35. Kf2 Rc2+ 36. Kf3 Qb7+ 37. Kg3 Rc6 38. Qd2 Qc7 39. h3 g5 40. fxg5 Qxe5+ 41. Kf2 Rc3 42. Re1 Qf4+ 43. Ke2 Bd4 44. g6+ Kxg6 45. Nc2 Bc4+ 46. Kd1 Rd3 1-0

[Event "44th Chess Olympiad Open 2022"]
[Site "Chennai"]
[Date "2022.08.03"]
[Round "6.92"]
[White "Senglek, Khonsavanh"]
[Black "Koualet-Bebondi, Vianney Archeveq"]
[Result "0-1"]
[WhiteElo "1253"]
[BlackElo "1679"]
[Annotator "NA RC"]
[PlyCount "152"]
[EventDate "2022.??.??"]
[TimeControl "60"]

1. e4 e5 2. Nf3 Nc6 3. Bc4 Bc5 4. c3 Nf6 5. d4 Bb6 6. Bg5 h6 7. Bxf6 Qxf6 8. d5 Na5 9. Na3 Nxc4 10. Nxc4 d6 11. Nxb6 axb6 12. h3 Bd7 13. Qd3 O-O 14. O-O Ra5 15. Rfc1 Rfa8 16. a3 Qg6 17. Nd2 f5 18. Qg3 Qxg3 19. fxg3 fxe4 20. Nxe4 Rxd5 21. g4 Bc6 22. Re1 Rd3 23. Nf2 Rd2 24. b3 Rf8 25. Rf1 e4 26. Rad1 Rxd1 27. Nxd1 Re8 28. Ne3 g6 29. Rf4 Re5 30. Rf1 b5 31. Kf2 Bd7 32. b4 b6 33. Rd1 Be6 34. Rd4 d5 35. Kg3 g5 36. Kf2 c5 37. Rd1 Kf7 38.
g3 Ke7 39. h4 Kf6 40. Ke2 Ke7 41. Kf2 Kd6 42. Ke2 Kc6 43. Kf2 Bf7 44. Ke2 Re7 45. Nf5 Re6 46. h5 Bg8 47. Ke3 Bh7 48. Rf1 Bxf5 49. gxf5 Rf6 50. g4 Kd6 51. Rd1 Ke5 52. Rd2 Rd6 53. bxc5 bxc5 54. Rb2 d4+ 55. cxd4+ cxd4+ 56. Ke2 Rd5 57. Rb1 Kf4 58. f6 Kxg4 59. f7 Rd8 60. Rxb5 Kxh5 61. Re5 Rf8 62. Rxe4 Rxf7 63. Rxd4 g4 64. Rd1 g3 65. Rf1 Ra7 66. Rf3 Kg4 67. Rf6 h5 68. Kf1 Rxa3 69. Kg2 Ra2+ 70. Kg1 Kh3 71. Rf1 Ra3 72. Rc1 Kg4 73. Rf1 h4 74. Rb1 h3 75.
Rf1 h2+ 76. Kh1 Kh3 0-1

[Event "44th Chess Olympiad Open 2022"]
[Site "Chennai"]
[Date "2022.08.05"]
[Round "7.37"]
[White "Shaw, Jaden"]
[Black "Montes Orozco, Miguel Angel"]
[Result "0-1"]
[WhiteElo "1930"]
[BlackElo "2070"]
[Annotator "NA RC"]
[PlyCount "120"]
[EventDate "2022.??.??"]
[TimeControl "60"]

1. e4 e5 2. Nf3 Nc6 3. Bb5 a6 4. Bxc6 dxc6 5. O-O Ne7 6.
Nxe5 Qd4 7. Qh5 g6 8. Qg5 Bg7 9. Nf3 Qxe4 10. Re1 Qb4 11. d4 Be6 12. c3 Qb5 13. Na3 Qd5 14. Bf4 h6 15. Qxd5 Nxd5 16. Be5 O-O 17. c4 Nb6 18. b3 Rfc8 19. Nb1 a5 20. Nc3 Bf8 21. Ne4 Nd7 22. Nf6+ Nxf6 23. Bxf6 a4 24. Ne5 axb3 25. axb3 Bb4 26. Red1 Bf5 27. g4 Be4 28. Kf1 Bc2 29. Rdc1 Bxb3 30. Rcb1 Rxa1 31. Rxa1 Bd6 32. c5 Bxe5 33. Bxe5 Bc4+ 34. Kg2 Bd5+ 35. Kg3 g5 36. f4 b5 37. fxg5 hxg5 38. h4 gxh4+ 39. Kxh4 b4 40. Rb1 b3 41. Rb2 Ra8 42. Bf4 Ra2 43. Bc1 Ra1 44. Bd2 Be6 45. d5 Bxd5 46. Kg5 Be6 47. Kf6 Kf8 48. g5 Ke8 49. Ke5 Rf1 50. Ke4 Bf5+ 51. Ke5 Bc2 52. Kd4 Kd7 53. Kc4 Ke6 54. Be3 Ke5 55. Bd4+ Ke4 56. Bf6 Rxf6 57. gxf6 Ke5 58. Kc3 Kxf6 59. Kd4 Ke6 60. Ke3 Kd5 0-1

[Event "44th Chess Olympiad Open 2022"]
[Site "Chennai"]
[Date "2022.08.05"]
[Round "7.42"]
[White "Hadj Kholti, Yasser"]
[Black "Damianou, Ioannis"]
[Result "0-1"]
[WhiteElo "1871"]
[BlackElo "2153"]
[Annotator "ChessBase"]
[PlyCount "75"]
[EventDate "2022.??.??"]
[TimeControl "60"]

1. e4 c5 2. Nf3 Nc6 3. d4 cxd4 4. Nxd4 e6 5. c4 Nxd4 6.
Qxd4 Ne7 7. Nc3 Nc6 8. Qd3 Bc5 9. Be2 d6 10. O-O O-O 11.
a3 a6 12. b4 Ba7 13. Be3 e5 14. Rad1 Nd4 15. f4 Be6 16. fxe5 dxe5 17. c5 b6 18. Bxd4 Qxd4+ 19. Qxd4 exd4 20. Nd5 bxc5 21. Ne7+ Kh8 22. Bxa6 Bb6 23. Bb5 Rxa3 24. bxc5 Bxc5 25. Nd5 f5 26. Nf4 Bb3 27. Rc1 Ba7 28. exf5 d3+ 29. Kh1 d2 30. Rc3 g5 31. Ne6 Bxe6 32. Rxa3 Rxf5 33. Raa1 Rxb5 34. Rxa7 Rd5 35. Raa1 Bg4 36. Rad1 Bxd1 37. Rxd1 Re5 38. Ra1 0-1

[Event "44th Chess Olympiad Open 2022"]
[Site "Chennai"]
[Date "2022.08.05"]
[Round "7.42"]
[White "Antoniou, Rafail"]
[Black "Zrikem, Nassim"]
[Result "0-1"]
[WhiteElo "1817"]
[BlackElo "2075"]
[Annotator "NA RC"]
[PlyCount "68"]
[EventDate "2022.??.??"]
[TimeControl "60"]

1. e4 e5 2. Nf3 Nc6 3. Bc4 Nf6 4. d3 Be7 5. Nc3 d6 6. O-O Na5 7. h3 c6 8. a4 Nxc4 9. dxc4 Qc7 10. Qe2 h6 11. Be3 g5 12. Nd2 Rg8 13.
g4 Nd7 14. Nb3 a5 15. Rad1 b6 16. Rd2 Nf8 17. f3 Ne6 18. Nc1 Nf4 19. Bxf4 gxf4 20. Nd3 Be6 21. b3 h5 22. Rf2 Rh8 23. Rh2 Bh4 24. Nf2 Ke7 25. Kg2 Rag8 26. Rd1 Qd7 27. Nd5+ cxd5 28. cxd5 Bxg4 29. hxg4 Bxf2 30. Qxf2 hxg4 31. Rxh8 gxf3+ 32. Kf1 Rxh8 33.
Qxf3 Rh3 34. Qe2 Rh1+ 0-1

[Event "44th Chess Olympiad Open 2022"]
[Site "Chennai"]
[Date "2022.08.05"]
[Round "7.43"]
[White "Sultan, Ibrahim"]
[Black "Chaves Sanchez, Gabriel A"]
[Result "1-0"]
[WhiteElo "2108"]
[BlackElo "2125"]
[Annotator "NA"]
[PlyCount "117"]
[EventDate "2022.??.??"]
[TimeControl "60"]

1. d4 Nf6 2. c4 e6 3. Nf3 d5 4. Nc3 Be7 5. Bf4 O-O 6. e3 b6 7. cxd5 Nxd5 8.
Nxd5 exd5 9. Bd3 c5 10. dxc5 bxc5 11. O-O Nc6 12. Rc1 Be6 13. Qe2 Qb6 14. Rfd1 h6 15. Bb1 Rac8 16. a3 a5 17. e4 d4 18. e5 c4 19. Qe4 d3 20. Ba2 Bc5 21. Bxc4 Bxf2+ 22. Kf1 Bxc4 23. Rxc4 Ne7 24. Rxd3 Rxc4 25. Qxc4 Ng6 26. Rd6 Qc5 27. Rc6 Qxc4+ 28. Rxc4 Nxf4 29. Rxf4 Be3 30. Rc4 Rb8 31. b4 axb4 32. axb4 Rb5 33. Ke2 Bb6 34. Kd3 Kh7 35. Rf4 Rd5+ 36. Kc4 Rd7 37. Kb5 Bc7 38. Kc6 Re7 39. b5 Bd8 40. Rd4 Rc7+ 41. Kb6 Rc8+ 42. Kb7 Rc5 43. Rxd8 Rxb5+ 44. Kc6 Rb2 45. Rd2 Rb4 46. Kd5 Kg6 47. Nd4 Ra4 48. Rd3 Ra5+ 49. Ke4 Ra4 50. Rg3+ Kh7 51. Kd5 g6 52. Nc6 Ra2 53. Kd6 Kg7 54. Ke7 Re2 55. Rf3 Rxg2 56. Rxf7+ Kg8 57. e6 h5 58. Ne5 h4 59. Nd7 1-0

[Event "44th Chess Olympiad Open 2022"]
[Site "Chennai"]
[Date "2022.08.05"]
[Round "7.44"]
[White "Meddeb, Anis"]
[Black "Rakotomaharavo, Dylan"]
[Result "1/2-1/2"]
[WhiteElo "2121"]
[BlackElo "1948"]
[Annotator "NA RC"]
[PlyCount "62"]
[EventDate "2022.??.??"]
[TimeControl "60"]

1. e4 c5 2. Nf3 Nc6 3. d4 cxd4 4. Nxd4 Nf6 5. Nc3 e6 6. Bc4 Bb4 7. O-O O-O 8. Bg5 h6 9. Bh4 g5 10. Nxc6 bxc6 11. e5 Bxc3 12. bxc3 gxh4 13. exf6 Qxf6 14. Qd6 Qxc3 15. Bd3 f5 16. Rab1 Qf6 17. Rfe1 Rf7 18. Rb4 Qe7 19. Qxe7 Rxe7 20. Rxh4 Rg7 21. Rb1 a5 22. Rb6 Kf7 23. Rxh6 Ke7 24. h4 Kd6 25. Rh8 Kc7 26. Rb3 Bb7 27. Rxa8 Bxa8 28. Ra3 Kb6 29. Rb3+ Kc7 30. Ra3 Kb6 31. Rb3+ Kc7 1/2-1/2

[Event "44th Chess Olympiad Open 2022"]
[Site "Chennai"]
[Date "2022.08.05"]
[Round "7.45"]
[White "Schartz, Alain"]
[Black "Madol Garang Panthoum"]
[Result "1-0"]
[WhiteElo "2086"]
[BlackElo "1985"]
[Annotator "NA RC"]
[PlyCount "57"]
[EventDate "2022.??.??"]
[TimeControl "60"]

1. e4 c5 2. Nf3 Nc6 3. c3 d5 4. exd5 Qxd5 5. d4 Bg4 6. dxc5 Qxd1+ 7. Kxd1 e5 8. b4 e4 9. h3 Bxf3+ 10. gxf3 exf3 11. Kc2 a6 12. Bf4 f6 13. Nd2 g5 14. Re1+ Kd7 15. Nc4 gxf4 16. Nb6+ Kd8 17. Nxa8 Ne5 18. Re4 Bh6 19. Bc4 Ne7 20. Rd1+ Kc8 21. Nb6+ Kb8 22. Nd7+ Nxd7 23. Rxe7 Ne5 24. Bd5 Nc6 25. Bxc6 bxc6 26. Rdd7 Bg5 27. Rb7+ Kc8 28. Rec7+ Kd8 29. Rxc6 1-0

[Event "44th Chess Olympiad Open 2022"]
[Site "Chennai"]
[Date "2022.08.05"]
[Round "7.46"]
[White "Averbukh, Alex"]
[Black "Bhandari, Kshitiz"]
[Result "1-0"]
[WhiteElo "2155"]
[BlackElo "2071"]
[Annotator "NA RC"]
[PlyCount "107"]
[EventDate "2022.??.??"]
[TimeControl "60"]

1. e4 e5 2. Nf3 Nc6 3. d4 exd4 4. Nxd4 Nf6 5. Nxc6 bxc6 6.
e5 Qe7 7. Qe2 Nd5 8. h4 d6 9. c4 Nb6 10. Bf4 Ba6 11. Nd2 O-O-O 12. O-O-O dxe5 13. Qxe5 Qxe5 14. Bxe5 f6 15. Bf4 Bc5 16. b3 Rhe8 17. f3 Kb8 18.
Ne4 Ba3+ 19. Kc2 Rxd1 20. Kxd1 Bc8 21. Bd3 a5 22. h5 h6 23. Re1 Bb4 24. Re2 Nd7 25. Ng3 Rd8 26. Kc2 Nc5 27. Bg6 Ne6 28.
Be3 Bf8 29. Rd2 Rxd2+ 30. Bxd2 a4 31. bxa4 Nd4+ 32. Kd3 c5 33. Bc3 Ne6 34. Ne2 Bd7 35. a5 Bd6 36. Ke3 Ka7 37. Bf5 Ka6 38.
g3 c6 39. Bg4 Bc7 40. Bf5 Bxa5 41. Bxa5 Kxa5 42. Nf4 Nf8 43. Bxd7 Nxd7 44. Ne6 Kb4 45. Nxg7 Ne5 46. Nf5 Nxc4+ 47. Ke2 Kc3 48. Nxh6 Kb2 49. Ng4 Nd6 50. h6 c4 51. h7 Nf7 52. a4 c3 53. Ne3 c2 54. Nxc2 1-0

[Event "44th Chess Olympiad Open 2022"]
[Site "Chennai"]
[Date "2022.08.05"]
[Round "7.47"]
[White "Al Harazy, Khalid"]
[Black "Zilleruelo Irizarry, Diego"]
[Result "1-0"]
[WhiteElo "2149"]
[BlackElo "2081"]
[Annotator "NA RC"]
[PlyCount "99"]
[EventDate "2022.??.??"]
[TimeControl "60"]

1. e4 c6 2. d4 d5 3. exd5 cxd5 4. Nf3 Nc6 5. Bd3 Bg4 6. c3 Qc7 7. O-O Nf6 8. Re1 e6 9. Bg5 Be7 10. Nbd2 O-O 11. Qa4 Bxf3 12. Nxf3 a6 13. Ne5 b5 14. Qc2 h6 15. Bh4 Rfc8 16. Qe2 Nxe5 17. dxe5 Nh7 18. Bxe7 Qxe7 19. a4 Qb7 20. axb5 axb5 21. Bxb5 Rxa1 22. Rxa1 Rb8 23. Ra5 Qc7 24. Ra2 Nf8 25. Bd3 Nd7 26. f4 Qb6+ 27. Kf1 Qb3 28. Bb1 Nc5 29. Ra3 Qxa3 30. Bh7+ Kxh7 31. Qc2+ g6 32. bxa3 Rb3 33. a4 Ra3 34. c4 Ra1+ 35. Ke2 Nxa4 36. c5 Ra3 37. Kd2 d4 38. c6 Nc3 39. c7 Ra8 40. Qb2 Ne4+ 41. Kd3 Nc5+ 42. Kxd4 Na6 43. Qb7 Nxc7 44. Qxc7 Ra4+ 45. Ke3 Kg7 46. Qe7 Ra2 47. g4 Rxh2 48. f5 gxf5 49. gxf5 Rh5 50. Qf6+ 1-0

[Event "44th Chess Olympiad Open 2022"]
[Site "Chennai"]
[Date "2022.08.05"]
[Round "7.47"]
[White "Pinales Roussel, Gabriel"]
[Black "Al-Subaihi, Khalil"]
[Result "1-0"]
[WhiteElo "1973"]
[BlackElo "2141"]
[Annotator "NA"]
[PlyCount "73"]
[EventDate "2022.??.??"]
[TimeControl "60"]

1. c4 e5 2. Nc3 f5 3. d4 e4 4. g3 Bb4 5. Nh3 Nf6 6. a3 Bxc3+ 7. bxc3 O-O 8.
Bg2 b6 9. O-O Nc6 10. f3 Na5 11. Bg5 Bb7 12. d5 exf3 13. Rxf3 h6 14. Bxf6 Qxf6 15. c5 Qe5 16. Nf4 Kh7 17. Qd3 Rae8 18. Raf1 g5 19. c6 gxf4 20. cxb7 Qxe2 21. b8=Q Qxd3 22. Qxc7 Qxd5 23. Rxf4 Qe6 24. Rd4 Re7 25. Qf4 Qg6 26. Bh3 Qh5 27. Bxf5+ Kg7 28. Rd5 Qg5 29. Qd4+ Qf6 30. Rxd7 Rxd7 31. Qxd7+ Rf7 32. Qd3 Qe5 33. Rf4 Nb3 34. Rg4+ Kf8 35. Qd8+ Qe8 36. Rg8+ Kxg8 37. Qxe8+ 1-0

[Event "44th Chess Olympiad Open 2022"]
[Site "Chennai"]
[Date "2022.08.05"]
[Round "7.49"]
[White "Chahin Godoy, Angel Eduardo"]
[Black "Delgado Rosas, Alex Antonio"]
[Result "0-1"]
[WhiteElo "1844"]
[BlackElo "2149"]
[Annotator "NA"]
[PlyCount "96"]
[EventDate "2022.??.??"]
[TimeControl "60"]

1. e4 c5 2. Nf3 g6 3. c3 d5 4. e5 Bg7 5. d4 cxd4 6. cxd4 Nh6 7. Nc3 O-O 8.
Be2 Nc6 9. Qb3 Nf5 10. Qd1 e6 11. g4 Nh4 12. Nxh4 Qxh4 13. Bf4 Qe7 14. g5 a6 15. a3 b5 16. Qd2 Bb7 17. O-O Qc7 18. Rac1 Qb6 19. Rfd1 Na5 20. Rc2 Rac8 21. Be3 Rfd8 22. b4 Nc4 23. Bxc4 dxc4 24. f4 Qc6 25. d5 exd5 26. Bd4 Bf8 27. Qe3 a5 28. bxa5 Ra8 29. Rb1 Rxa5 30. Rcb2 Rxa3 31. Rxb5 Bc8 32. Rb6 Qd7 33. Rb8 Qg4+ 34. Qg3 Qf5 35. Qe3 Be7 36. Qg3 Qc2 37. R8b2 Qf5 38. Rb8 Qc2 39. R8b2 Rxc3 40. Qxc3 Qxc3 41. Bxc3 Bf5 42. Bd4 Bxb1 43.
Rxb1 Rc8 44. Kf1 Bc5 45. Bxc5 Rxc5 46. Ke2 d4 47. Rb8+ Kg7 48. Kd2 c3+ 0-1

[Event "44th Chess Olympiad Open 2022"]
[Site "Chennai"]
[Date "2022.08.05"]
[Round "7.50"]
[White "Rabeea, Sabah Nori"]
[Black "Mizzi, Jack"]
[Result "1-0"]
[WhiteElo "2122"]
[BlackElo "1913"]
[Annotator "NA"]
[PlyCount "77"]
[EventDate "2022.??.??"]
[TimeControl "60"]

1. d4 d5 2. Nf3 Nf6 3. c4 c6 4. Nc3 e6 5. e3 Nbd7 6. Bd3 Bd6 7. O-O O-O 8. e4 dxe4 9. Nxe4 Nxe4 10. Bxe4 Nf6 11. Bc2 c5 12. Bg5 h6 13. Bh4 cxd4 14. Qd3 Re8 15. Nxd4 Be5 16. Rad1 Bxd4 17. Qxd4 Qxd4 18. Rxd4 e5 19. Rd6 Be6 20. c5 Rec8 21. b4 a5 22. Bxf6 gxf6 23. Be4 Rc7 24. a3 axb4 25. axb4 f5 26. Bd5 Bxd5 27. Rxd5 Ra4 28. Rb1 b6 29. cxb6 Rxb4 30. Rdd1 Rxb1 31. Rxb1 Rb7 32. Kf1 Kf8 33. Ke2 Ke7 34. Kd3 Kd6 35. Kc4 Kc6 36. g3 f6 37. h4 h5 38. Rb5 Rd7 39. b7 1-0

[Event "44th Chess Olympiad Open 2022"]
[Site "Chennai"]
[Date "2022.08.05"]
[Round "7.51"]
[White "Ilkhomi, Jaloliddin"]
[Black "Gabriel, Davidson"]
[Result "1-0"]
[WhiteElo "2076"]
[BlackElo "1915"]
[Annotator "NA RC"]
[PlyCount "119"]
[EventDate "2022.??.??"]
[TimeControl "60"]

1. d4 Nf6 2. Bf4 e6 3. e3 d5 4. Nd2 Bd6 5. Bg3 O-O 6. Ngf3 c5 7. c3 Nc6 8. Bd3 b6 9. Ne5 Bb7 10. f4 Ne7 11. Qb1 c4 12. Bc2 b5 13.
O-O Rb8 14. Bh4 h6 15. Rf3 Ne8 16. g4 f6 17. Ng6 Nxg6 18. Bxg6 Be7 19. Qc2 Nd6 20. Kh1 Bc6 21. Rg1 b4 22. Rh3 bxc3 23. bxc3 f5 24. Bxe7 Qxe7 25. g5 hxg5 26. Rxg5 Be8 27. Qd1 Bxg6 28. Rxg6 Rf6 29. Qh5 Rxg6 30. Qh8+ Kf7 31. Qxb8 Rh6 32. Kg2 Rxh3 33. Kxh3 Ne4 34. Nf3 g5 35. fxg5 Nxg5+ 36. Kg2 Nxf3 37. Kxf3 a5 38. Qh8 Qg5 39. Qh3 Qg1 40. Kf4 Ke7 41. Qg3 Qd1 42. Ke5 Qd2 43. Qg7+ Kd8 44. Qf8+ Kd7 45. Qd6+ Kc8 46. Qxe6+ Kc7 47. Qd6+ Kc8 48. Qc5+ Kb8 49. Qf8+ Kc7 50. Qe7+ Kb6 51. Qd6+ Ka7 52. Qc7+ Ka6 53. Kxd5 Qxe3 54. Kc5 Qe6 55. a4 f4 56. Qxf4 Qb6+ 57. Kxc4 Qc6+ 58. Kb3 Qb7+ 59. Kc2 Qg2+ 60. Qd2 1-0

[Event "44th Chess Olympiad Open 2022"]
[Site "Chennai"]
[Date "2022.08.05"]
[Round "7.51"]
[White "Germinal, Kemly"]
[Black "Sharifov, Mekhriddin"]
[Result "0-1"]
[WhiteElo "1997"]
[BlackElo "2097"]
[Annotator "NA RC"]
[PlyCount "96"]
[EventDate "2022.??.??"]
[TimeControl "60"]

1. e4 c5 2. Nc3 a6 3. Nf3 d6 4. d3 Nc6 5. g3 g6 6. Bg2 Bg7 7. O-O e6 8. Bg5 Qb6 9. Rb1 Nf6 10. h3 h6 11. Be3 Qc7 12. Qd2 e5 13. Kh2 Be6 14. a3 Rc8 15.
a4 Nd4 16. Ng1 h5 17. Nf3 Ng4+ 18. hxg4 Nxf3+ 19. Bxf3 hxg4+ 20.
Kg2 gxf3+ 21. Kxf3 Qd7 22. Ke2 Rh2 23. Qe1 Bg4+ 24. Kd2 Bf3 25.
b3 b5 26. axb5 axb5 27. Ra1 Bf6 28. Nd5 Bd8 29. Ra6 c4 30.
Qa1 Kf8 31. Qa3 Rc6 32. Ra7 Qh3 33. Rg1 Kg7 34. Ra8 c3+ 35.
Nxc3 Bb6 36. Bxb6 b4 37. Qxb4 Qh6+ 38. Be3 Rxf2+ 39. Kc1 Qxe3+ 40. Kb2 Rxc2+ 41. Kxc2 Qf2+ 42. Kb1 Qxg1+ 43.
Kb2 Bg4 44. Rd8 Qe3 45. Rxd6 Qd2+ 46. Ka3 Qc1+ 47. Ka4 Qa1+ 48. Qa3 Qxc3 0-1

[Event "44th Chess Olympiad Open 2022"]
[Site "Chennai"]
[Date "2022.08.05"]
[Round "7.52"]
[White "Li, Georgiy"]
[Black "Al-Homaid, Abdulla"]
[Result "1-0"]
[WhiteElo "1994"]
[BlackElo "1358"]
[Annotator "NA"]
[PlyCount "97"]
[EventDate "2022.??.??"]
[TimeControl "60"]

1. e4 e5 2. Nf3 Nc6 3. Be2 Nf6 4. Nc3 Bc5 5. Nxe5 Nxe5 6.
d4 Bxd4 7. Qxd4 Nc6 8. Qa4 d6 9. Bg5 h6 10. Bh4 Bd7 11. Nd5 g5 12. Bg3 Nxd5 13. exd5 Ne5 14. Qb3 b6 15. O-O O-O 16. f4 Ng6 17. fxg5 hxg5 18. Bh5 Kh7 19. Qc3 f5 20. Rae1 Rc8 21. Qd3 Qf6 22. c3 a5 23. Qd1 Rce8 24. Be2 Re7 25. Bf2 Rfe8 26. Bd4 Qf8 27. g3 Re4 28. Bd3 Rxe1 29. Rxe1 Rxe1+ 30. Qxe1 Qe7 31. Qxe7+ Nxe7 32. Bf6 Nxd5 33. Bxg5 Kg6 34. Bd8 b5 35. Kf2 a4 36. h4 c5 37. g4 b4 38. gxf5+ Kg7 39. c4 Nf6 40. Kf3 Bc6+ 41. Kf4 Be8 42. Be7 d5 43. Ke5 Nd7+ 44. Kxd5 Bf7+ 45. Kd6 Be8 46. Bg5 b3 47. axb3 axb3 48. h5 Nf6 49. Ke7 1-0

[Event "44th Chess Olympiad Open 2022"]
[Site "Chennai"]
[Date "2022.08.05"]
[Round "7.53"]
[White "Verdier, Patrice"]
[Black "Ndahangwapo, Heskiel"]
[Result "0-1"]
[WhiteElo "2017"]
[BlackElo "1904"]
[Annotator "NA RC"]
[PlyCount "116"]
[EventDate "2022.??.??"]
[TimeControl "60"]

1. d4 Nf6 2. c4 g6 3. Nc3 Bg7 4. e4 d6 5. f4 O-O 6. Nf3 c5 7. d5 Re8 8. Be2 e6 9. dxe6 Bxe6 10. O-O Nc6 11. h3 Nd4 12. Bd3 Bd7 13. Re1 Bc6 14. Nxd4 cxd4 15. Nd5 Bxd5 16. cxd5 Qb6 17. Kh1 Nd7 18. b3 Re7 19. Ba3 Nf6 20. Qf3 Rd7 21. Bc4 Qa5 22. b4 Qd8 23. Bb2 Rc7 24. Bb3 Nd7 25.
Rad1 Qh4 26. Rf1 Nf6 27. Bxd4 Nh5 28. Kh2 Rac8 29. g3 Qe7 30. g4 Bxd4 31. Rxd4 Rc3 32. Rd3 Rxd3 33. Qxd3 Nxf4 34. Qd4 g5 35. Re1 f6 36. Bc4 Qe5 37. Qxe5 fxe5 38. Bb3 Rc3 39. Ba4 Rxh3+ 40. Kg1 Rc3 41. Bd7 Rc2 42. a4 Kg7 43. b5 h5 44. gxh5 Kh6 45. Kh1 Kxh5 46. b6 axb6 47. Rb1 Rc7 48. Bf5 g4 49. Rg1 Rg7 50. Kh2 Kh4 51. Rg3 Ne2 52. Re3 g3+ 53. Kg2 Nf4+ 54. Kg1 Rc7 55. Re1 Rc2 56. Ra1 Ne2+ 57. Kf1 Nd4 58. Ra3 Rf2+ 0-1

[Event "44th Chess Olympiad Open 2022"]
[Site "Chennai"]
[Date "2022.08.05"]
[Round "7.54"]
[White "Egesa emmanuel"]
[Black "Abdulkadir Mohamed Warsame"]
[Result "1-0"]
[WhiteElo "2152"]
[BlackElo "1820"]
[Annotator "ChessBase"]
[PlyCount "91"]
[EventDate "2022.??.??"]
[TimeControl "60"]

1. e4 c5 2. Nf3 e6 3. d4 cxd4 4. Nxd4 Nc6 5. Nc3 Qc7 6. Qd3 Nf6 7. Ndb5 Qb8 8. Qg3 d6 9. Be3 a6 10. Nd4 h5 11. f4 h4 12. Qf3 Nxd4 13.
Bxd4 e5 14. Bb6 Bg4 15. Qf2 exf4 16. Qxf4 Qc8 17. h3 Be6 18. O-O-O Be7 19. Nd5 Bxd5 20. exd5 Rh5 21. Be2 Rxd5 22. Qxh4 Rxd1+ 23. Rxd1 Qc6 24. Qh8+ Bf8 25. Bd4 Qe4 26. Bxf6 Qf4+ 27. Kb1 Qxf6 28. Bg4 Qe7 29. Qh5 g6 30. Qa5 Bg7 31. Qb6 Rd8 32. Bf3 Rd7 33. c4 Be5 34. Bd5 Kf8 35. Rf1 Bf6 36. g4 Qd8 37. Qe3 Kg7 38.
Rf3 b6 39. Qf2 Be5 40. Bxf7 Qc7 41. Be6 Re7 42. Bd5 Qc5 43. Qh4 Qg1+ 44. Kc2 Rc7 45. g5 Qg2+ 46. Rf2 1-0

[Event "44th Chess Olympiad Open 2022"]
[Site "Chennai"]
[Date "2022.08.05"]
[Round "7.55"]
[White "Nicholas Arvin"]
[Black "Stark, John"]
[Result "0-1"]
[WhiteElo "1744"]
[BlackElo "2028"]
[Annotator "NA"]
[PlyCount "70"]
[EventDate "2022.??.??"]
[TimeControl "60"]

1. d4 Nf6 2. c4 e6 3. Nc3 Bb4 4. Bg5 c5 5. Nf3 cxd4 6. Nxd4 Qb6 7. Bxf6 Bxc3+ 8. bxc3 gxf6 9. Rb1 Qc5 10. e3 a6 11. Qf3 Ke7 12. Bd3 Nc6 13. Nb3 Qd6 14. Rd1 Ne5 15. Qe2 Qc7 16. Nd2 b6 17. Be4 Bb7 18. Bxb7 Qxb7 19. f4 Ng6 20. Rg1 Rac8 21. g3 Rc5 22. Nb3 Rc7 23. Rd4 Rhc8 24. Kf2 a5 25. Rgd1 Rg8 26. e4 e5 27. Rd5 exf4 28. g4 f3 29. Qd2 Ne5 30. Qf4 Nxg4+ 31. Kf1 Qc6 32. c5 Qb5+ 33. R1d3 Ne5 34. Rd6 Rg6 35. Rxf6 Qxd3+ 0-1

[Event "44th Chess Olympiad Open 2022"]
[Site "Chennai"]
[Date "2022.08.05"]
[Round "7.56"]
[White "Salim Mohammed, Salim Al Amri"]
[Black "Dias, Vanderson"]
[Result "0-1"]
[WhiteElo "1917"]
[BlackElo "2139"]
[Annotator "NA RC"]
[PlyCount "134"]
[EventDate "2022.??.??"]
[TimeControl "60"]

1. e4 c6 2. Nf3 d5 3. d3 dxe4 4. Ng5 Nf6 5. Nc3 exd3 6. Bxd3 Qc7 7. O-O h6 8. Nge4 Nxe4 9. Nxe4 g6 10. Be3 Bg7 11. Qd2 Bf5 12. Rfe1 Bxe4 13. Bxe4 Nd7 14. Rad1 Rd8 15. Qc1 h5 16. Bg5 Nf6 17. Bd3 O-O 18.
h3 Rfe8 19. c4 Nh7 20. Be3 c5 21. Be4 b6 22. Bf4 e5 23. Bg3 Rxd1 24. Rxd1 Rd8 25. Bh4 Rxd1+ 26. Qxd1 Bf6 27. Bg3 Kg7 28. Qd2 Qe7 29. f3 Ng5 30. Bd5 e4 31. h4 e3 32. Qe2 Nh7 33. Bf4 Bxh4 34. Bxe3 Bf6 35. Qd2 Bg5 36. f4 Bf6 37. Qf2 Nf8 38. g3 Ne6 39. f5 Nd4 40.
fxg6 fxg6 41. Kg2 Nf5 42. Bf4 Be5 43. Qd2 Bxf4 44. Qxf4 Qe2+ 45. Kh3 Qe3 46. Qb8 h4 47. Qxa7+ Kh6 48. Qb8 hxg3 49. Qf8+ Kg5 50. Qd8+ Qe7 51. Qxe7+ Nxe7 52. Bb7 Kf4 53. a3 Nf5 54. b4 Ne3 55. bxc5 bxc5 56. a4 Nxc4 57. Ba6 Ne3 58. Bd3 g5 59. Be2 g4+ 60. Bxg4 g2 61. Kh2 Kxg4 62. a5 Kf3 63. Kg1 Nd5 64. a6 c4 65. a7 Nc7 66. a8=R Nxa8 67. Kh2 Kf2 0-1

[Event "44th Chess Olympiad Open 2022"]
[Site "Chennai"]
[Date "2022.08.05"]
[Round "7.56"]
[White "Al Kathiri, Mana"]
[Black "Lutuima, Amaro"]
[Result "0-1"]
[WhiteElo "1598"]
[BlackElo "2048"]
[Annotator "NA RC"]
[PlyCount "126"]
[EventDate "2022.??.??"]
[TimeControl "60"]

1. d4 Nf6 2. Nf3 e6 3. Bf4 d5 4. Nbd2 c5 5. e3 cxd4 6.
exd4 Bd6 7. Bg5 Qb6 8. Rb1 Ne4 9. Be3 f5 10. Nxe4 dxe4 11.
Ne5 Bxe5 12. dxe5 Qa5+ 13. Bd2 Qxe5 14. Bc3 Qc7 15. Bb4 Nc6 16. Bc5 Kf7 17. Qh5+ g6 18. Qh6 Qe5 19. Be3 Nb4 20. c3 Nc2+ 21. Kd2 Nxe3 22. fxe3 Rd8+ 23. Kc2 Kg8 24. h4 Bd7 25. h5 Rac8 26. Rc1 Be8 27. hxg6 Bxg6 28. Be2 b5 29. Rcd1 b4 30. Qg5 Rxd1 31. Rxd1 Qc7 32. Qf6 bxc3 33. b3 Qf7 34. Qe5 Qe7 35. Bc4 Bf7 36. g4 Qa3 37. Kxc3 Qf8 38. gxf5 Rxc4+ 39. Kxc4 Qc8+ 40. Kb4 exf5 41. Qf6 Qf8+ 42. Rd6 Bg6 43. Qd4 h5 44. Ka4 Qg7 45. Qd5+ Kh7 46. Rd7 Be8 47. Qxf5+ Kh8 48. Qxe4 Qxd7+ 49. Ka3 Qd6+ 50. Kb2 Qf6+ 51. Ka3 Bf7 52. Qa8+ Kg7 53. Qg2+ Qg6 54. Qh2 Qa6+ 55. Kb2 Qf6+ 56. Ka3 h4 57. e4 Qe7+ 58. Kb2 Qxe4 59. Qg1+ Qg6 60. Qxa7 h3 61. Ka3 Qd6+ 62. b4 h2 63. Qf2 Qa6+ 0-1

[Event "44th Chess Olympiad Open 2022"]
[Site "Chennai"]
[Date "2022.08.05"]
[Round "7.58"]
[White "Khoder, Akram"]
[Black "Coulibaly, Abdoulaye"]
[Result "1-0"]
[WhiteElo "2038"]
[BlackElo "1936"]
[Annotator "NA RC"]
[PlyCount "83"]
[EventDate "2022.??.??"]
[TimeControl "60"]

1. d4 d5 2. c4 c6 3. Nf3 Nf6 4. Qc2 Bg4 5. Ne5 Bh5 6. cxd5 Qxd5 7. e3 e6 8. Bd2 Bg6 9. Nxg6 hxg6 10. Nc3 Qf5 11. e4 Qa5 12. Bd3 Qc7 13.
h3 Nbd7 14. Rc1 Nb6 15. Ne2 Be7 16. O-O O-O-O 17. Bf4 Qd7 18. Qb3 Nh5 19. Rxc6+ Qxc6 20. Rc1 Nxf4 21. Rxc6+ bxc6 22. Nxf4 Rxd4 23. Qc3 c5 24. Ne2 Rd7 25. Qxg7 Rhd8 26. Ba6+ Kb8 27. Qxf7 Rf8 28. Qxe6 Rd1+ 29. Kh2 Bd6+ 30. e5 Bc7 31. f4 Rd7 32. Qc6 Bd8 33. Qxc5 Be7 34. Qc6 g5 35. a4 gxf4 36. a5 Rc7 37. Qe4 Nd7 38.
Nxf4 Nc5 39. Qb4+ Ka8 40. Nd5 Nxa6 41. Nxc7+ Nxc7 42. Qxe7 1-0

[Event "44th Chess Olympiad Open 2022"]
[Site "Chennai"]
[Date "2022.08.05"]
[Round "7.59"]
[White "Pleasants, Allan J"]
[Black "Boidiya, Sidi"]
[Result "0-1"]
[WhiteElo "2024"]
[BlackElo "1997"]
[Annotator "NA RC"]
[PlyCount "64"]
[EventDate "2022.??.??"]
[TimeControl "60"]

1. Nf3 d5 2. d4 Nf6 3. e3 e6 4. Bd3 Nbd7 5. Nbd2 c5 6. c3 Bd6 7. Qe2 cxd4 8. exd4 Qc7 9. O-O O-O 10. Re1 b6 11. Ne5 Bb7 12. f4 Rfe8 13.
Ndf3 Nf8 14. Ng5 Re7 15. g4 h6 16. Ngf3 Ne4 17. Kh1 f6 18.
g5 hxg5 19. Rg1 Ree8 20. Be3 fxe5 21. fxe5 Be7 22. Nxg5 Bxg5 23. Bxg5 Nh7 24. Be3 Rf8 25. Rg6 Rf7 26. Rag1 Nf8 27. Rh6 Rf5 28. Qg4 Rg5 29. Rh8+ Kxh8 30. Qh4+ Nh7 31. Bxg5 Rf8 32. Be3 Rf3 0-1